 Dungeon Crawl Stone Soup version 0.29-a0-330-g52719c12eb (webtiles) character file.

Game seed: 11322296423165279079

983 vineage the Fighter (level 8, 0/54 HPs)
             Began as a Gargoyle Fighter on May 5, 2022.
             Was a Believer of Okawaru.
             Slain by a phantom (5 damage)
             ... on level 6 of the Dungeon.
             The game lasted 00:07:24 (6667 turns).

vineage the Fighter (Gargoyle Fighter)              Turns: 6667, Time: 00:07:25

Health: 0/54       AC: 16    Str: 24    XL:     8   Next: 17%
Magic:  8/8        EV:  9    Int:  9    God:    Okawaru [**....]
Gold:   309        SH:  8    Dex:  9    Spells: 7/7 levels left

rFire   . . .      SeeInvis .   p - +2 whip (flame)
rCold   . . .      Faith    .   l - +0 kite shield
rNeg    + . .      Spirit   .   j - +1 robe of Potzel {rCorr Str+2}
rPois   ∞          Reflect  .   (no helmet)
rElec   +          Harm     .   (no cloak)
rCorr   +          Rampage  .   q - +0 pair of gloves
Will    +....                   k - +1 pair of boots
Stlth   +.........              (no amulet)
HPRegen 0.18/turn               f - ring of willpower
MPRegen 0.11/turn               u - +4 ring of protection

@: no status effects
A: sickness immunity, AC +5, negative energy resistance 1, electricity
resistance, torment resistance 1, petrification resistance
a: Renounce Religion, Heroism


You were on level 6 of the Dungeon.
You worshipped Okawaru.
Okawaru was pleased with you.
You visited 2 branches of the dungeon, and saw 7 of its levels.

You collected 309 gold pieces.

Inventory:

Hand Weapons
 a - a +0 flail
 p - a +2 whip of flaming (weapon)
Armour
 b - a +0 scale mail
 c - a +0 buckler
 j - the +1 robe of Potzel (worn) {rCorr Str+2}
   (You found it on level 2 of the Dungeon)

   Str:       It affects your strength (+2).
   rCorr:     It protects you from acid and corrosion.
 k - a +1 pair of boots (worn)
 l - a +0 kite shield (worn)
 q - a +0 pair of gloves (worn)
Jewellery
 f - a ring of willpower (left hand)
 i - an amulet of guardian spirit
 m - a +6 ring of intelligence
 u - a +4 ring of protection (right hand)
Wands
 t - a wand of flame (10)
 v - a wand of iceblast (4)
Scrolls
 h - a scroll of fog
 n - 2 scrolls of amnesia
 o - a scroll of identify
 r - 3 scrolls of teleportation
 w - a scroll of noise
 x - a scroll of enchant armour
 y - a scroll of magic mapping
Potions
 d - 2 potions of might
 e - 2 potions of curing
 g - 2 potions of flight


   Skills:
 * Level 8.2 Fighting
 + Level 5.1 Maces & Flails
 + Level 4.4 Armour
 + Level 4.3 Shields


You had 7 spell levels left.
You didn't know any spells.
Your spell library contained the following spells:

 Spells                   Type           Power      Damage    Failure   Level
 Magic Dart               Conj           0%         1d3       75%         1
 Mephitic Cloud           Conj/Pois/Air  0%         N/A       98%         3
 Petrify                  Tmut/Erth      0%         N/A       100%        4
 Metabolic Englaciation   Hex/Ice        0%         N/A       100%        5
 Call Imp                 Summ           Unusable   N/A       N/A         2
 Statue Form              Tmut/Erth      Unusable   N/A       N/A         6

Dungeon Overview and Level Annotations

Branches:
Dungeon (6/15)             Temple (1/1) D:4

Altars:
Ashenzari
Dithmenos
Fedhas
Gozag
Hepliaklqana
Makhleb
Nemelex Xobeh
Okawaru
Qazlal
Ru
Sif Muna
Trog
Vehumet
Wu Jian
Xom
Yredelemnul
The Shining One


Innate Abilities, Weirdness & Mutations

You are immune to sickness and miasma.
Your stone body is resilient. (AC +5)
You are immune to poison.
You resist negative energy. (rN+)
You are resistant to electric shocks. (rElec)
You are resistant to unholy torment.
You are immune to petrification.


Message History

You hit the wight. You burn the wight.
The wight is severely damaged.
The wight barely misses you.
You hit the wight but do no damage.
The wight is severely damaged.
You block the wight's attack.
You hit the wight but do no damage.
The wight is severely damaged.
The wight barely misses you.
You completely miss the wight.
The wight is severely damaged.
The wight barely misses you.
You feel better. The wight closely misses you. The phantom hits you.
* * * LOW HITPOINT WARNING * * *
You hit the wight. You burn the wight.
You destroy the wight!
Okawaru accepts your kill. You block the phantom's attack.
Things that are here:
a +0 halberd; a +0 robe You closely miss the phantom.
The phantom hits you but does no damage.
You closely miss the phantom. The phantom hits you.
* * * LOW HITPOINT WARNING * * *
You miss the phantom. You block the phantom's attack. The phantom hits you.
* * * LOW HITPOINT WARNING * * *
You hit the phantom. You burn the phantom.
The phantom is lightly damaged.
The phantom hits you.
* * * LOW HITPOINT WARNING * * *
You barely miss the phantom.
The phantom is lightly damaged.
The phantom barely misses you.
You hit the phantom. You burn the phantom.
The phantom is moderately damaged.
You block the phantom's attack.
You hit the phantom. You burn the phantom.
The phantom is severely damaged.
The phantom hits you.
You die...

#..................
#................#
##..........<.....#
#.................#
##.#################
#...'..# #..###.##
###. #.W# . ##@# #.
#.†# . ##... #. ..##
###


You could see a phantom.

Vanquished Creatures
  A yak (D:5)
  A water moccasin (D:6)
  An ice beast (D:5)
  A sky beast (D:5)
  A centaur (D:5)
  A wight (D:6)
  A hound (D:5)
  A jelly (D:5)
  An orc priest (D:5)
  An iguana (D:5)
  5 orc wizards
  8 adders
  3 white imps
  An ufetubus (D:5)
  2 worms
  3 dart slugs
  15 orcs
  2 bats (D:1)
  7 endoplasms
  2 giant cockroaches
  9 hobgoblins
  3 jackals (D:4)
  4 kobolds
  A quokka (D:2)
  2 ball pythons
  2 frilled lizards
  3 goblins
  2 rats
84 creatures vanquished.

Notes
Turn   | Place    | Note
-------+----------+-------------------------------------------
     0 | D:1      | vineage the Gargoyle Fighter began the quest for the Orb.
     0 | D:1      | Reached XP level 1. HP: 14/14 MP: 1/1
   349 | D:1      | Reached XP level 2. HP: 19/20 MP: 2/2
   379 | D:1      | You fall into a shaft and drop 1 floor!
   421 | D:2      | Reached skill level 4 in Fighting
   574 | D:2      | Reached XP level 3. HP: 24/24 MP: 3/3
  1264 | D:2      | Identified the +1 robe of Potzel {rCorr Str+2}
  2276 | D:2      | Found a faded altar of an unknown god.
  2359 | D:3      | Reached XP level 4. HP: 30/30 MP: 4/4
  2563 | D:3      | Found a broken altar of Ashenzari.
  3057 | D:3      | Reached skill level 5 in Fighting
  3164 | D:3      | Reached XP level 5. HP: 31/35 MP: 5/5
  3492 | D:4      | Found a staircase to the Ecumenical Temple.
  3505 | Temple   | Entered the Ecumenical Temple
  3770 | Temple   | Became a worshipper of Warmaster Okawaru
  4472 | D:5      | Entered Level 5 of the Dungeon
  4586 | D:5      | Reached skill level 6 in Fighting
  4603 | D:5      | Reached XP level 6. HP: 19/41 MP: 6/6
  5060 | D:5      | Noticed an ice beast
  5095 | D:5      | Killed an ice beast
  5095 | D:5      | Reached * piety under Okawaru
  5099 | D:5      | Reached skill level 7 in Fighting
  5353 | D:5      | Reached XP level 7. HP: 43/48 MP: 7/7
  5947 | D:6      | Noticed a yak
  5947 | D:6      | Noticed a yak
  5947 | D:6      | Noticed a yak
  5966 | D:5      | Killed a yak
  5966 | D:5      | Reached ** piety under Okawaru
  6638 | D:6      | Reached skill level 8 in Fighting
  6638 | D:6      | Reached skill level 5 in Maces & Flails
  6638 | D:6      | Reached XP level 8. HP: 40/54 MP: 8/8
  6667 | D:6      | Slain by a phantom

Illustrated notes

Levels and vault maps discovered:
D:1:      amcnicky_arrival_feature_with_door, layout_basic, lemuel_old_faithful
D:2:      layout_basic, dilly_ecumenical_altar_fadedgnrine, minivault_25
D:3:      layout_basic, nicolae_ashenzari_panopticon
D:4:      layout_rooms, minmay_temple_entry_grid
D:5:      layout_basic, minmay_fractal_squares_diagonal_5
D:6:      minmay_razor_zed, layout_rooms, lemuel_crystal_altar,
          mainiacjoe_overflow_concentric_impassable, serial_shops,
          nicolae_shop_temple_entry_statues_fountains
Temple:   eino_temple_rhombus

Skill      XL: |  1  2  3  4  5  6  7 |
---------------+----------------------+-----
Fighting       | 4 5 6 7 8 |  8.2
Maces & Flails | 3 4 5 |  5.1
Armour         | 4 |  4.4
Shields        | 4 |  4.3

Action                   |  1- 3 |  4- 6 |  7- 9 || total
-------------------------+-------+-------+-------++-------
Melee: Flail             |    79 |    43 |       ||   122
       Whip              |       |   164 |    84 ||   248
  Use: Scroll            |     6 |     9 |     2 ||    17
       Potion            |       |     1 |     1 ||     2
 Stab: Sleeping          |       |     1 |       ||     1
Armor: Scale mail        |    28 |       |       ||    28
       Robe              |     5 |   105 |    46 ||   156
Dodge: Dodged            |    51 |    87 |    57 ||   195
Block: Buckler           |    13 |       |       ||    13
       Kite shield       |       |    66 |    44 ||   110

Table legend: (Time is in decaauts)
 A = Elapsed time spent in this place.
 B = Non-inter-level travel time spent in this place.
 C = Inter-level travel time spent in this place.
 D = Time resting spent in this place.
 E = Time spent auto-exploring this place.
 F = Levels seen in this place.
 G = Mean time per level.
                   A        B        C        D        E       F      G
               +--------+--------+--------+--------+--------+-----+--------+
         Total |   6732 |   6477 |    255 |   1315 |   4286 |   7 |  961.7 |
       Dungeon |   6450 |   6245 |    205 |   1315 |   4068 |   6 | 1075.0 |
        Temple |    281 |    231 |     50 |      0 |    218 |   1 |  281.0 |
               +--------+--------+--------+--------+--------+-----+--------+

Top non-repeatable levels by time:
     D:5: 2138 daAuts
     D:2: 1293 daAuts
     D:3: 1067 daAuts
     D:1: 1030 daAuts
     D:4: 852 daAuts
  Temple: 281 daAuts
     D:6: 68 daAuts
